 Dungeon Crawl Stone Soup version 0.29-a0-542-g075992c915 (webtiles) character file.

Game seed: 12580431996606317828

815 dolemite99 the Cleaver (level 7, 0/56 HPs)
             Began as a Minotaur Gladiator on June 5, 2022.
             Slain by a troll (10 damage)
             ... on level 5 of the Dungeon.
             The game lasted 00:05:02 (6047 turns).

dolemite99 the Cleaver (Minotaur Gladiator)         Turns: 6047, Time: 00:05:03

Health: 0/56       AC: 10    Str: 21    XL:     7   Next: 62%
Magic:  6/6        EV:  8    Int:  5    God:
Gold:   198        SH:  0    Dex: 11    Spells: 6/6 levels left

rFire   . . .      SeeInvis .   a - +1 war axe
rCold   . . .      Faith    .   (no shield)
rNeg    . . .      Spirit   .   v - +0 chain mail
rPois   .          Reflect  .   c - +0 hat
rElec   .          Harm     .   (no cloak)
rCorr   .          Rampage  .   o - +1 pair of gloves
Will    .....                   (no boots)
Stlth   ..........              (no amulet)
HPRegen 0.18/turn               (no ring)
MPRegen 0.10/turn               (no ring)

@: about to teleport, invisible
A: horns 2, retaliatory headbutt
a: no special abilities


You were on level 5 of the Dungeon.
You visited 1 branch of the dungeon, and saw 5 of its levels.

You collected 198 gold pieces.

Inventory:

Hand Weapons
 a - a +1 war axe (weapon)
 b - a +2 whip of venom
 g - a +2 dagger of venom
 n - a +0 flail
 A - a +0 morningstar
Missiles
 d - 4 throwing nets (quivered)
 e - a javelin
 h - 163 stones
 E - 19 poisoned darts
Armour
 c - a +0 hat (worn)
 o - a +1 pair of gloves (worn)
 v - a +0 chain mail (worn)
 B - a +0 leather armour
 F - a +0 leather armour
Jewellery
 p - a +6 ring of dexterity
 r - a ring of protection from cold
 y - a +4 ring of protection
 z - an amulet of reflection
 I - a ring of resist corrosion
Wands
 w - a wand of paralysis (4)
 G - a wand of iceblast (17)
Scrolls
 f - a scroll of fog
 j - 4 scrolls of teleportation
 m - 3 scrolls of amnesia
 s - 2 scrolls of blinking
 t - a scroll of poison
Potions
 k - 2 potions of berserk rage {unknown}
 l - a potion of magic {unknown}
 q - 2 potions of curing {unknown}
 u - a potion of haste {unknown}
 x - a potion of brilliance {unknown}
 C - a potion of degeneration {unknown}
 D - a potion of might {unknown}
 H - a potion of mutation {unknown}


   Skills:
 - Level 2.4 Fighting
 + Level 10.9 Axes
 - Level 2.0 Throwing
 - Level 3.2 Dodging


You had 6 spell levels left.
You didn't know any spells.
Your spell library contained the following spells:

 Spells                   Type           Power      Damage    Failure   Level
 Beastly Appendage        Tmut           0%         N/A       99%         1
 Slow                     Hex            0%         N/A       99%         1
 Blink                    Tloc           0%         N/A       100%        2
 Wereblood                Tmut           0%         N/A       100%        2
 Confusing Touch          Hex            0%         N/A       100%        3
 Spider Form              Tmut/Pois      0%         N/A       100%        3
 Vampiric Draining        Necr           0%         2d6       100%        3
 Fulminant Prism          Conj/Hex       0%         3d6       100%        4
 Iskenderun's Mystic Bla  Conj/Tloc      0%         2d3       100%        4
 Lee's Rapid Deconstruct  Erth           0%         3d5*      100%        5
 Manifold Assault         Tloc           0%         N/A       100%        5
 Storm Form               Tmut/Air       0%         N/A       100%        7


Dungeon Overview and Level Annotations

Branches:
Dungeon (5/15)
 Temple: D:4-7

Altars:

Annotations:
D:2 1 runed translucent door, Crazy Yiuf


Innate Abilities, Weirdness & Mutations

You have a pair of horns on your head.
You reflexively headbutt those who attack you in melee.


Message History

You slash the necrophage! The yak gores you but does no damage.
The necrophage barely misses you.
You catch the helpless yak completely off-guard!
You slash the yak!
The yak is almost dead.
You hit the necrophage. The necrophage closely misses you.
You hit the necrophage. You headbutt the necrophage.
The necrophage is almost destroyed.
You catch the helpless necrophage completely off-guard!
You hit the necrophage.
The necrophage is almost destroyed.
You catch the helpless yak completely off-guard!
You hit the yak. The necrophage completely misses you. The yak gores you!
You slash the necrophage!
You destroy the necrophage!
You hit the yak but do no damage. The yak gores you.
Your life force feels restored.
As you read the scroll of teleportation, it crumbles to dust.
You feel strangely unstable. The troll bites you.
The troll claws you but does no damage. x2; The yak closely misses you.
You slash the troll!
The troll is moderately wounded.
You strike the helpless yak from behind!
You hit the yak but do no damage. The troll barely misses you.
The troll claws you but does no damage. The troll closely misses you.
The yak gores you!
* * * LOW HITPOINT WARNING * * *
You hit the troll. Your headbutt misses the troll.
The troll is moderately wounded.
You completely miss the yak. The troll bites you.
* * * LOW HITPOINT WARNING * * *
The troll barely misses you. The troll claws you but does no damage.
The yak barely misses you.
You slash the troll! You headbutt the troll.
The troll is heavily wounded.
You hit the yak. The troll closely misses you. You furiously retaliate!
You headbutt the troll. The troll claws you.
* * * LOW HITPOINT WARNING * * *
The troll claws you!
You die...

#......≈≈ ###.##... ###.......
###......... #........... #####
#.#.....#... ....#
#######.###.#.....##.# #.#.#
####...Y.#..............#
#.#.#####.##.###@#####)##.......#
.....h.YT.T..# #T# #)####.#####
#.#.#####.##.###h# #<..)..# #.#.#
####.....# ######.# ....# ###.###
##.## ##### #.# #...# ##.#######
#...# # ###........# #...# #
...........##.#####...####


You could see a yak (can't see you), a troll (can't see you) and a hound.

Vanquished Creatures
  Sigmund (D:5)
  A water moccasin (D:5)
  A necrophage (D:5)
  A howler monkey (D:4)
  2 orc priests
  2 hounds
  3 jellies
  2 orc wizards (D:5)
  4 gnolls (D:2)
  4 adders
  An ufetubus (D:2)
  A worm (D:3)
  3 dart slugs
  15 orcs
  11 ball pythons
  14 endoplasms
  4 giant cockroaches
  9 goblins
  5 hobgoblins
  4 jackals (D:1)
  13 kobolds
  3 quokkas
  13 bats
  4 frilled lizards
  6 rats
127 creatures vanquished.

Vanquished Creatures (others)
  3 fungi (D:3)
  9 plants (D:2)
  5 toadstools (D:3)
17 creatures vanquished.

Grand Total: 144 creatures vanquished

Notes
Turn   | Place    | Note
-------+----------+-------------------------------------------
     0 | D:1      | dolemite99 the Minotaur Gladiator began the quest for the
                  | Orb.
     0 | D:1      | Reached XP level 1. HP: 18/18 MP: 0/0
    66 | D:1      | Reached skill level 4 in Axes
   145 | D:1      | Reached XP level 2. HP: 8/25 MP: 1/1
   624 | D:1      | Reached skill level 5 in Axes
   660 | D:1      | Reached XP level 3. HP: 28/30 MP: 2/2
  1422 | D:2      | Found a runed translucent door.
  1423 | D:2      | Noticed Crazy Yiuf
  1483 | D:2      | Reached XP level 4. HP: 37/37 MP: 3/3
  1501 | D:2      | Reached skill level 6 in Axes
  2145 | D:2      | Found a faded altar of an unknown god.
  2494 | D:3      | Reached XP level 5. HP: 39/42 MP: 4/4
  2517 | D:3      | Reached skill level 7 in Axes
  3325 | D:3      | Reached skill level 8 in Axes
  3329 | D:3      | Reached XP level 6. HP: 9/50 MP: 5/5
  4936 | D:5      | Entered Level 5 of the Dungeon
  4955 | D:5      | Reached skill level 9 in Axes
  5134 | D:5      | Noticed Sigmund
  5147 | D:5      | Killed Sigmund
  5148 | D:5      | Reached XP level 7. HP: 56/56 MP: 6/6
  5232 | D:5      | Reached skill level 10 in Axes
  5979 | D:5      | Noticed a troll
  5979 | D:5      | Noticed a yak
  6047 | D:5      | Slain by a troll

Illustrated notes

Levels and vault maps discovered:
D:1:      minmay_arrival_doors, layout_loops_ring, minmay_statues_item,
          minmay_unequal
D:2:      layout_loops_ring, shapermc_ecumenical_altar_totnotflames,
          nicolae_grassy_gnolls, uniq_crazy_yiuf_cottage
D:3:      cheibrodos_fertilizer, layout_rooms, kennysheep_generic_room_11
D:4:      layout_basic, corexii_leaking_fountain
D:5:      kennysheep_big_flooded_room, layout_loops_cross, lemuel_old_faithful,
          uniq_sigmund

Skill      XL: |  1  2  3  4  5  6  7 |
---------------+----------------------+-----
Axes           | 4 5 6 8 9 10 | 10.9
Fighting       | |  2.4
Throwing       | |  2.0
Dodging        | |  3.2

Action                   |  1- 3 |  4- 6 |  7- 9 || total
-------------------------+-------+-------+-------++-------
Melee: War axe           |    60 |    82 |    20 ||   162
       Headbutt          |    12 |    26 |     9 ||    47
       Punch             |       |     1 |     1 ||     2
       Whip              |       |    63 |    21 ||    84
  Use: Scroll            |     4 |     4 |     1 ||     9
       Potion            |       |     1 |     1 ||     2
 Stab: Sleeping          |     1 |       |       ||     1
       Invisible         |       |     1 |     6 ||     7
Armor: Leather armour    |    17 |    27 |       ||    44
       Chain mail        |       |    40 |    17 ||    57
Dodge: Dodged            |    59 |    74 |    19 ||   152

Table legend: (Time is in decaauts)
 A = Elapsed time spent in this place.
 B = Non-inter-level travel time spent in this place.
 C = Inter-level travel time spent in this place.
 D = Time resting spent in this place.
 E = Time spent auto-exploring this place.
 F = Levels seen in this place.
 G = Mean time per level.
                   A        B        C        D        E       F      G
               +--------+--------+--------+--------+--------+-----+--------+
         Total |   6056 |   5904 |    152 |   2291 |   2677 |   5 | 1211.2 |
       Dungeon |   6056 |   5904 |    152 |   2291 |   2677 |   5 | 1211.2 |
               +--------+--------+--------+--------+--------+-----+--------+

Top non-repeatable levels by time:
     D:3: 1559 daAuts
     D:2: 1424 daAuts
     D:1: 1179 daAuts
     D:5: 1100 daAuts
     D:4: 794 daAuts
